 Dungeon Crawl Stone Soup version 0.21.1-1-g345015f (webtiles) character file.

51 tidbits the Grave Robber (level 3, 0/25 HPs)
             Began as a Gnoll Necromancer on June 15, 2018.
             Was an Initiate of Cheibriados.
             Killed by nerve-wracking pain
             ... invoked by tidbits's ghost
              (7 damage)
             ... on level 6 of the Dungeon.
             The game lasted 00:11:28 (855 turns).

tidbits the Grave Robber (Gnoll Necromancer)         Turns: 855, Time: 00:11:28

Health: 0/25       AC:  5    Str: 11    XL:     3   Next: 83%
Magic:  9/9        EV: 15    Int: 19    God:    Cheibriados [......]
Gold:   85         SH:  0    Dex: 16    Spells: 7/12 levels left

rFire    . . .     SeeInvis .   f - +0 dagger
rCold    . . .     Gourm    .   (no shield)
rNeg     + . .     Faith    .   a - +0 robe
rPois    .         Spirit   .   E - +2 hat
rElec    .         Reflect  .   (no cloak)
rCorr    .         Harm     .   G - +0 pair of gloves
MR       .....                  (no boots)
Stlth    +++.......             (no amulet)
HPRegen  0.08/turn              t - ring of positive energy
MPRegen  0.11/turn              (no ring)

@: very slightly contaminated, very slow
A: distributed training, fangs 1, strong nose
a: Bend Time, Renounce Religion


You were on level 6 of the Dungeon.
You worshipped Cheibriados.
Cheibriados was noncommittal.
You were not hungry.

You visited 2 branches of the dungeon, and saw 7 of its levels.

You collected 85 gold pieces.

Inventory:

Hand Weapons
 d - a +0 club
 f - a +0 dagger (weapon)
Missiles
 g - 22 stones (quivered)
 n - 30 arrows
Armour
 a - a +0 robe (worn)
 E - a +2 hat (worn)
 G - a +0 pair of gloves (worn)
Jewellery
 t - a ring of positive energy (left hand)
   (You found it on level 3 of the Dungeon)
Scrolls
 e - a scroll of enchant armour {unknown}
 h - a scroll of magic mapping
 i - 2 scrolls of fog
 o - a scroll of random uselessness
 r - a scroll of blinking
 s - a scroll of remove curse
Potions
 j - a potion of magic {unknown}
 l - 2 potions of might {unknown}
 m - 3 potions of heal wounds {unknown}
 p - a potion of cancellation
 q - a potion of curing
Books
 b - a book of Necromancy

   Spells                             Type                      Level
   a - Pain                           Necromancy                   1
   b - Animate Skeleton               Necromancy                   1
   c - Vampiric Draining              Necromancy                   3
   d - Regeneration                   Charms/Necromancy            3
   e - Animate Dead                   Necromancy                   4
   f - Borgnjor's Vile Clutch         Necromancy/Earth             5
Comestibles
 c - 9 rations


   Skills:
 + Level 0.9 Fighting
 + Level 0.9 Short Blades
 + Level 0.9 Long Blades
 + Level 0.9 Axes
 + Level 0.9 Maces & Flails
 + Level 0.9 Polearms
 + Level 0.9 Staves
 + Level 0.9 Slings
 + Level 0.9 Bows
 + Level 0.9 Crossbows
 + Level 0.9 Throwing
 + Level 0.9 Armour
 + Level 4.5 Dodging
 + Level 4.2 Stealth
 + Level 0.9 Shields
 + Level 0.9 Unarmed Combat
 + Level 5.0 Spellcasting
 + Level 0.6 Conjurations
 + Level 0.6 Hexes
 + Level 0.6 Charms
 + Level 0.6 Summonings
 + Level 7.1 Necromancy
 + Level 0.6 Translocations
 + Level 0.6 Transmutations
 + Level 0.6 Fire Magic
 + Level 0.6 Ice Magic
 + Level 0.6 Air Magic
 + Level 0.6 Earth Magic
 + Level 0.6 Poison Magic
 + Level 1.0 Invocations
 + Level 0.9 Evocations


You had 7 spell levels left.
You knew the following spells:

 Your Spells              Type           Power        Failure   Level  Hunger
a - Pain                  Necr           ####         1%          1    None
n - Animate Skeleton      Necr           N/A          1%          1    None
r - Regeneration          Chrm/Necr      ###.......   8%          3    ##.....


Dungeon Overview and Level Annotations

Branches:
Dungeon (6/15)             Temple (1/1) D:5

Altars:
Ashenzari
Cheibriados
Dithmenos
Elyvilon
Sif Muna

Shops:
D:4 [

Annotations:
D:2 Terence
D:5 Jaiteiro's ghost, amateur CeHu
D:6 tidbits's ghost, novice GnNe


Innate Abilities, Weirdness & Mutations

Your experience applies equally to all skills.
You have very sharp teeth.
Your uncanny sense of smell can sniff out nearby items.


Message History

Level annotation: Jaiteiro's ghost, amateur CeHu
There is a staircase to the Ecumenical Temple here.
Unknown command.
You enter the shallow water.
Moving in this stuff is going to be slow.
You see here 29 sling bullets.
There is an open door here.
Okay, then.
There is an open door here.
There is an open door here.
You open the door.
A crimson imp comes into view.
Found a leather armour.
There is an open door here.
You open the door.
An iguana comes into view.
The iguana hisses angrily.
Jaiteiro's ghost hits you. Jaiteiro's ghost barely misses you.
There is an open door here.
Jaiteiro's ghost barely misses you. The iguana closely misses you.
Okay, then.
As you read the scroll of teleportation, it crumbles to dust.
You feel strangely unstable.
Jaiteiro's ghost hits you but does no damage.
The iguana bites you. The iguana closely misses you. Jaiteiro's ghost hits you.
Your surroundings suddenly seem different.
Found a leather armour.
Found a stone staircase leading down.
You open the door.
There is an open door here.
Found 5 gold pieces.
There is a stone staircase leading down here.
You climb downwards.
Found a stone staircase leading up.
There is a stone staircase leading up here.
Unknown command.
There is a stone staircase leading up here.
You climb upwards.
Level annotation: Jaiteiro's ghost, amateur CeHu
Found 11 gold pieces.
There is a stone staircase leading down here.
Unknown command.
Found 14 gold pieces.
Found a whip.
You see here 11 gold pieces.
You now have 85 gold pieces (gained 11).
Casting: Pain
Confirm with . or Enter, or press ? or * to list all spells.
You miscast Regeneration.
You are very lightly contaminated with residual magic.
You sense a malignant aura.
There is a stone staircase leading down here.
You climb downwards.
There is a stone staircase leading up here.
Unknown command.
Found a fizzy inky potion.
You see here a fizzy inky potion.
Okay, then.
j - a fizzy inky potion
Found a scroll of identify.
Your magical contamination has completely faded away.
You see here a scroll of identify.
As you read the scroll of identify, it crumbles to dust.
q - a potion of curing An orc comes into view.
It is wielding a mace.
You enter a teleport trap!
The teleport trap disappears.
Your surroundings suddenly seem different.
A quokka, an orc, an orc priest and a player ghost come into view.
Tidbits's ghost gestures at you while chanting.
Pain shoots through your body!
Unknown command.
As you read the scroll of teleportation, it crumbles to dust.
You feel strangely unstable.
Unknown command.
Tidbits's ghost hits you. Tidbits's ghost freezes you.
* * * LOW HITPOINT WARNING * * *
Tidbits's ghost hits you.
* * * LOW HITPOINT WARNING * * *
Tidbits's ghost freezes you.
* * * LOW HITPOINT WARNING * * *
Your surroundings seem slightly different.
An ice beast comes into view.
Blink to where?
Press: ? - help, Dir - move target cursor You are very lightly contaminated with residual magic.
As you read the scroll of blinking, it crumbles to dust.
Found 2 rations.
You see here a ration.
Found a ration.
Unknown command.
You see here a ration.
c - 9 rations (gained 1) Tidbits's ghost points at you and mumbles some strange words.
Pain shoots through your body!
You die...

.# #.. #.. .# #.< #..
###.###.. #..
###........ #..
#%......... #..
##.#%#.###..
#..######.....Y##.##
###.......W...........
#....@#####.....###.Y.
#.###.# ##.#.......#
#.. ..........## #...
.####.......# ..###
#..#.##.. ###
.....##.. ∆ .....###.
.r.... ..###.


You could see tidbits's ghost.

Vanquished Creatures
  2 worms
  2 dart slugs (D:1)
  An orc (D:4)
  2 giant cockroaches
  4 goblins
  5 hobgoblins
  3 jackals (D:5)
  2 kobolds
  9 bats
  6 frilled lizards
  2 rats (D:1)
38 creatures vanquished.

Notes
Turn   | Place    | Note
-------+----------+-------------------------------------------
     0 | D:1      | tidbits the Gnoll Necromancer began the quest for the Orb.
     0 | D:1      | Reached XP level 1. HP: 13/13 MP: 6/6
    36 | D:1      | Reached XP level 2. HP: 10/19 MP: 0/7
    40 | D:1      | Learned a level 1 spell: Animate Skeleton
   263 | D:2      | HP: 1/20 [goblin/club (2)]
   264 | D:2      | Reached XP level 3. HP: 2/25 MP: 5/9
   270 | D:2      | Learned a level 3 spell: Regeneration
   282 | D:2      | Reached skill level 5 in Spellcasting
   355 | D:2      | Noticed Terence
   401 | D:3      | Found a shadowy altar of Dithmenos.
   403 | D:3      | Found a shattered altar of Ashenzari.
   403 | D:3      | Found a deep blue altar of Sif Muna.
   499 | D:3      | Reached skill level 1 in Invocations
   507 | D:4      | Noticed a phantom
   512 | D:4      | Found Catsuxt's Antique Armour Boutique.
   629 | D:5      | Entered Level 5 of the Dungeon
   635 | D:5      | Noticed Jaiteiro's ghost (amateur CeHu)
   703 | D:5      | Found a staircase to the Ecumenical Temple.
   722 | Temple   | Entered the Ecumenical Temple
   729 | Temple   | Became a worshipper of Cheibriados the Contemplative
   837 | D:6      | Noticed tidbits's ghost (novice GnNe)
   844 | D:6      | Noticed an ice beast
   855 | D:6      | Killed from afar by tidbits's ghost

Skill      XL: |  1  2  3 |
---------------+----------+-----
Spellcasting   | 5 |  5.0
Invocations    | 1 |  1.0
Fighting       | |  0.9
Short Blades   | |  0.9
Long Blades    | |  0.9
Axes           | |  0.9
Maces & Flails | |  0.9
Polearms       | |  0.9
Staves         | |  0.9
Slings         | |  0.9
Bows           | |  0.9
Crossbows      | |  0.9
Throwing       | |  0.9
Armour         | |  0.9
Dodging        | |  4.5
Stealth        | |  4.2
Shields        | |  0.9
Unarmed Combat | |  0.9
Conjurations   | |  0.6
Hexes          | |  0.6
Charms         | |  0.6
Summonings     | |  0.6
Necromancy     | |  7.1
Translocations | |  0.6
Transmutations | |  0.6
Fire Magic     | |  0.6
Ice Magic      | |  0.6
Air Magic      | |  0.6
Earth Magic    | |  0.6
Poison Magic   | |  0.6
Evocations     | |  0.9

Action                   || total
-------------------------++-------
Melee: Dagger            ||    17
       Club              ||     1
       Bite              ||     1
 Cast: Pain              ||    47
       Regeneration      ||     4
  Use: Potion            ||     1
       Scroll            ||    11
 Stab: Sleeping          ||    10
Armor: Robe              ||     9
Dodge: Dodged            ||    20

Table legend:
 A = Turns spent in this place as a percentage of turns spent in the entire game.
 B = Non-inter-level travel turns spent in this place as a percentage of non-inter-level travel turns spent in the entire game.
 C = Inter-level travel turns spent in this place as a percentage of turns spent in this place.
 D = Turns resting spent in this place as a percentage of non-inter-level travel turns spent in this place.
 E = Turns spent auto-exploring this place as a percentage of non-inter-level travel turns spent in this place.
 F = Non-inter-level travel turns spent in this place divided by the number of levels of this place that you've seen.
                   A       B       C       D       E      F
               +-------+-------+-------+-------+-------+----------------------
         Total | 100.0 | 100.0 |   0.7 |   0.0 |   0.0 | 121.3
       Dungeon |  98.2 |  98.9 |   0.0 |   0.0 |   0.0 | 140.0
        Temple |   1.8 |   1.1 |  40.0 |   0.0 |   0.0 |   9.0
               +-------+-------+-------+-------+-------+----------------------

Table legend:
 A = Kills in this place as a percentage of kills in entire the game.
 B = Kills by you in this place as a percentage of kills by you in the entire game.
 C = Kills by friends in this place as a percentage of kills by friends in the entire game.
 D = Other kills in this place as a percentage of other kills in the entire game.
 E = Experience gained in this place as a percentage of experience gained in the entire game.
 F = Experience gained in this place divided by the number of levels of this place that you have seen.
                   A       B       C       D       E      F
               +-------+-------+-------+-------+-------+----------------------
         Total | 100.0 | 100.0 |   N/A |   N/A | 100.0 |  10.6
       Dungeon | 100.0 | 100.0 |   N/A |   N/A | 100.0 |  12.3
               +-------+-------+-------+-------+-------+----------------------

Vault maps used:
D:1:      ncdulo_lavacross, minmay_octomino_j4
D:2:      uniq_terence
D:3:      lemuel_doored_altar, minitemple, first_ration,
          cheibrodos_sewer_entry_bend, small_statue_intersection, uniq_grinder,
          uniq_ijyb
D:4:      serial_shops, kennysheep_mini_moat, uniq_robin
D:5:      minmay_temple_entry_mist
D:6:      uniq_eustachio, uniq_pikel, uniq_blork_the_orc
Temple:   minmay_crystal_spiral_temple
